 Dungeon Crawl Stone Soup version 0.31-a0-229-g1fc7ce93e2 (webtiles) character file.

Game seed: 2131599531431328017

44 ragingrage the Conjurer (level 3, 0/24 HPs)
             Began as an Octopode Reaver on July 6, 2023.
             Slain by a ball python (2 damage)
             ... on level 2 of the Dungeon.
             The game lasted 00:01:34 (1200 turns).

ragingrage the Conjurer (Octopode Reaver)           Turns: 1200, Time: 00:01:34

Health: 0/24       AC:  1    Str: 11    XL:     3   Next: 60%
Magic:  4/6        EV: 10    Int: 15    God:
Gold:   31         SH:  0    Dex: 12    Spells: 4/6 levels left

rFire   . . .        a - +0 falchion
rCold   . . .        (no shield)
rNeg    . . .        (helmet restricted)
rPois   .            (no amulet)
rElec   .            (no ring)
rCorr   .            (no ring)
SInv    .            (no ring)
Will    +....        (no ring)
Stlth   +++          (no ring)
HPRegen 0.24/turn    (no ring)
MPRegen 0.10/turn    (no ring)
                     (no ring)

%: no passive effects
@: lethally poisoned (0 -> -7), enlightened, flying, constricted
A: almost no armour, amphibious, 8 rings, camouflage 1, gelatinous body 1,
(nimble swimmer 1), tentacles
a: no special abilities


You were on level 2 of the Dungeon.
You visited 1 branch of the dungeon, and saw 2 of its levels.

You collected 83 gold pieces.
You spent 52 gold pieces at shops.

Inventory:

Hand Weapons
 a - a +0 falchion (weapon)
Scrolls
 b - a scroll of blinking {unknown}
 c - a scroll of teleportation {unknown}
 d - a scroll of identify {unknown}
 f - a scroll of enchant armour {unknown}
 g - 2 scrolls of fear
Potions
 e - a potion of curing {unknown}
 h - a potion of enlightenment


   Skills:
 - Level 2.0 Fighting
 - Level 3.0 Long Blades
 - Level 2.0 Dodging
 - Level 3.0 Stealth
 - Level 2.0 Spellcasting
 - Level 3.0 Conjurations
 + Level 1.0 Transmutations
 + Level 2.2 Poison Magic


You had 4 spell levels left.
You knew the following spells:

 Your Spells              Type           Power      Damage    Failure   Level
a - Kiss of Death         Conj/Necr      24%        2d7       12%         1
b - Sting                 Tmut/Pois      24%        1d4       12%         1

Your spell library contained the following spells:

 Spells                   Type           Power      Damage    Failure   Level
 Momentum Strike          Conj/Tloc      12%        3d8       19%         2
 Poisonous Vapours        Pois/Air       8%         N/A       22%         2
 Hailstorm                Conj/Ice       6%         3d4       34%         3
 Stone Arrow              Conj/Erth      12%        3d7       34%         3
 Inner Flame              Hex/Fire       1%         N/A       54%         3
 Olgreb's Toxic Radiance  Pois           8%         N/A       65%         4
 Yara's Violent Unravell  Hex/Tmut       1%         3d3       99%         5
 Enfeeble                 Hex            0%         N/A       100%        7
 Lehudib's Crystal Spear  Conj/Erth      3%         10d2      100%        8
 Animate Armour           Summ/Erth      Unusable   N/A       N/A         4

Dungeon Overview and Level Annotations

Branches:
Dungeon (2/15)

Altars:

Shops:
D:2 ?


Innate Abilities, Weirdness & Mutations

You cannot wear most types of armour.
You are amphibious.
You can wear up to eight rings at the same time.
Your skin changes colour to match your surroundings (Stealth+).
Your rubbery body absorbs attacks. (AC +1, EV +1)
((You are camouflaged when in or above water. (Stealth+)))
You have tentacles for arms and can constrict up to eight enemies at once.


Message History

The sting hits the adder.
The adder looks even sicker.
The adder misses you.
The sting hits the adder.
The adder looks even sicker.
The adder completely misses you. The adder misses you.
Unknown command.
You closely miss the adder. Your grab misses the adder. The adder misses you.
You miss the adder. Your grab misses the adder. Your squeeze misses the adder.
The adder misses you. The adder barely misses you.
You closely miss the adder. Your grab misses the adder.
The adder closely misses you.
You barely miss the adder. Your grab misses the adder. The adder bites you.
The ball python misses you. The ball python barely misses you.
The adder bites you.
You are too injured to fight recklessly!
You closely miss the adder. Your grab misses the adder.
Your squeeze misses the adder. The adder bites you.
The ball python bites you but does no damage.
The ball python closely misses you.
You are too injured to fight recklessly!
You closely miss the adder. Your grab misses the adder. The adder bites you.
You are poisoned.
The adder poisons you!
The ball python bites you but does no damage.
The ball python grabs you. The ball python constricts you. The adder bites you.
The ball python barely misses you. The ball python constricts you.
You closely miss the adder. You grab the adder. You constrict the adder.
You feel sick. The adder bites you.
* * * LOW HITPOINT WARNING * * *
You are lethally poisoned!
The adder poisons you! The ball python bites you.
* * * LOW HITPOINT WARNING * * *
The ball python constricts you.
* * * LOW HITPOINT WARNING * * *
Unknown command.
It was a potion of enlightenment.
You feel very buoyant.
You fly up into the air.
You constrict the adder.
* * * LOW HITPOINT WARNING * * *
You feel sick. The adder bites you but does no damage.
The ball python bites you.
You die...

.......#......#.##...#.#
#......#.∩....#.##.#.#.#
#.............#.##.#.#.#
....#..................###.#
.......#.............#.##.....#
.....................#.##.#####
!......#.............#.##.#
..............S.##...#.##.#
#............S@<##...#.##.#
#...............##...#.##.#
..~.............##...#.##.#
~.?..........##........##.#
~.............#...##..#...#
~........?..#............##
~............##..........#
≈≈~......................#
≈~...####............[...#


You could see an adder (very poisoned) and a ball python.

Vanquished Creatures
  An adder (D:2)
  A dart slug (D:1)
  2 ball pythons (D:1)
  2 bats
  2 endoplasms (D:1)
  2 giant cockroaches (D:1)
  2 goblins
  5 hobgoblins (D:1)
  3 jackals (D:1)
  4 frilled lizards (D:1)
  2 kobolds (D:1)
  3 rats (D:1)
29 creatures vanquished.

Notes
Turn   | Place    | Note
-------+----------+-------------------------------------------
     0 | D:1      | ragingrage the Octopode Reaver began the quest for the Orb.
     0 | D:1      | Reached XP level 1. HP: 14/14 MP: 3/3
    50 | D:1      | Reached skill level 1 in Stealth
    87 | D:1      | Learned a level 1 spell: Sting
   112 | D:1      | Reached XP level 2. HP: 13/19 MP: 5/5
   212 | D:1      | Reached skill level 1 in Poison Magic
   442 | D:1      | Reached XP level 3. HP: 24/24 MP: 6/6
  1024 | D:2      | Found Jack's Magic Scroll Shoppe.
  1032 | D:2      | Bought a scroll of fear for 52 gold pieces
  1128 | D:2      | Reached skill level 1 in Transmutations
  1200 | D:2      | Slain by a ball python

Illustrated notes

Levels and vault maps discovered:
D:1:      minmay_arrival_loop, layout_basic
D:2:      layout_basic, chequers_ecumenical_altar_island, serial_shops, shop

Skill      XL: |  1  2  3 |
---------------+----------+-----
Stealth        | 2 3 |  3.0
Poison Magic   | 1 2 |  2.2
Transmutations | 1 |  1.0
Fighting       | |  2.0
Long Blades    | |  3.0
Dodging        | |  2.0
Spellcasting   | |  2.0
Conjurations   | |  3.0

Action                     || total
---------------------------++-------
  Melee: Falchion          ||    60
         Tentacles         ||    13
         Constrict         ||    17
   Cast: Sting             ||    10
    Use: Potion            ||     1
   Stab: Sleeping          ||     6
 Armour: Skin              ||     6
  Dodge: Dodged            ||    44

Table legend: (Time is in decaauts)
 A = Elapsed time spent in this place.
 B = Non-inter-level travel time spent in this place.
 C = Inter-level travel time spent in this place.
 D = Time resting spent in this place.
 E = Time spent auto-exploring this place.
 F = Levels seen in this place.
 G = Mean time per level.
                   A        B        C        D        E       F      G
               +--------+--------+--------+--------+--------+-----+--------+
         Total |   1210 |   1168 |     42 |     80 |    839 |   2 |  605.0 |
       Dungeon |   1210 |   1168 |     42 |     80 |    839 |   2 |  605.0 |
               +--------+--------+--------+--------+--------+-----+--------+

Top non-repeatable levels by time:
     D:1: 1027 daAuts
     D:2: 182 daAuts
